 Dungeon Crawl Stone Soup version 0.30-a0-715-gdb4ae3ece1 (webtiles) character file.

Game seed: 5048346470362502319

227 M4edhros the Insei (level 6, -3/61 HPs)
             Began as an Octopode Transmuter on Jan 24, 2023.
             Slain by Crazy Yiuf
             ... wielding a +3 quarterstaff of chaos
              (5 damage)
             ... on level 3 of the Dungeon.
             The game lasted 00:02:44 (1543 turns).

M4edhros the Insei (Octopode Transmuter)            Turns: 1543, Time: 00:02:45

Health: -3/61      AC: 23    Str:  9    XL:     6   Next: 2%
Magic:  9/9        EV:  2    Int: 15    God:
Gold:   102        SH:  0    Dex: 15    Spells: 8/9 levels left

rFire   . . .      SeeInvis .      - Unarmed
rCold   . . .      Faith    .    (no shield)
rNeg    . . .      Spirit   .    (helmet currently unavailable)
rPois   +          Reflect  .    (no amulet)
rElec   .          Harm     .    (no ring)
rCorr   .          Rampage  .    (no ring)
Will    .....      NoTele   +    (no ring)
Stlth   +                        (no ring)
HPRegen 0.30/turn                (no ring)
MPRegen 0.11/turn                (no ring)
                                 (no ring)
                                 (no ring)

@: agile, lethally poisoned (-3 -> -7), tree-form
A: stationary, stasis, torment immunity, boosted hp, almost no armour,
(amphibious), 8 rings, (camouflage 1), (gelatinous body 1), (nimble swimmer 1),
(tentacles)
a: no special abilities


You were on level 3 of the Dungeon.
You were a tree.
You visited 1 branch of the dungeon, and saw 4 of its levels.

You collected 102 gold pieces.

Inventory:

Missiles
 m - 6 poisoned darts
Scrolls
 b - a scroll of fog {unknown}
 d - a scroll of poison {unknown}
 e - a scroll of noise {unknown}
 f - a scroll of identify {unknown}
 g - 2 scrolls of fear {unknown}
 h - a scroll of torment {unknown}
 i - a scroll of amnesia {unknown}
 j - a scroll of magic mapping {unknown}
 k - 3 scrolls of teleportation {unknown}
 n - a scroll of vulnerability {unknown}
Potions
 c - a potion of haste


   Skills:
 + Level 2.8 Fighting
 + Level 3.3 Dodging
 * Level 5.0 Unarmed Combat
 - Level 2.0 Spellcasting
 - Level 2.0 Transmutations


You had 8 spell levels left.
You knew the following spells:

 Your Spells              Type           Power      Damage    Failure   Level
a - Beastly Appendage     Tmut           14%        N/A       10%         1

Your spell library contained the following spells:

 Spells                   Type           Power      Damage    Failure   Level
 Wereblood                Tmut           7%         N/A       14%         2
 Spider Form              Tmut/Pois      4%         N/A       41%         3
 Ice Form                 Ice/Tmut       4%         N/A       82%         4


Dungeon Overview and Level Annotations

Branches:
Dungeon (4/15)
 Temple: D:4-7

Altars:
Dithmenos

Shops:
D:2 (

Annotations:
D:3 Crazy Yiuf


Innate Abilities, Weirdness & Mutations

You are a tree.
Your roots penetrate the ground, keeping you stationary.
You cannot be teleported.
You are immune to unholy pain and torment.
Your maximum health is greatly increased.
You cannot wear most types of armour.
((You are amphibious.))
You can wear up to eight rings at the same time.
((Your skin changes colour to match your surroundings (Stealth+).))
((Your rubbery body absorbs attacks. (AC +1, EV +1)))
((You are camouflaged when in or above water. (Stealth+)))
((You have tentacles for arms and can constrict up to eight enemies at once.))


Message History

There is a stone staircase leading down here.
No reachable target in view!
No reachable target in view!
No reachable target in view!
You open the door.
Crazy Yiuf hits you with a +3 quarterstaff of chaos!
You are poisoned.
There is an open translucent door, spattered with blood here.
You feel very sick.
Crazy Yiuf laughs, "Orb!"
Crazy Yiuf zaps a wand.
You resist with some effort.
It was a potion of magic.
Magic courses through your body.
You feel very sick. Crazy Yiuf closely misses you.
Really quaff the potion of lignification?
You turn into a tree.
Your roots penetrate the ground.
You feel very sick. Crazy Yiuf hits you but does no damage.
You feel agile all of a sudden.
You smack Crazy Yiuf!
Crazy Yiuf is heavily wounded.
You feel very sick. Crazy Yiuf hits you but does no damage.
You hit Crazy Yiuf but do no damage.
Crazy Yiuf is heavily wounded.
You feel sick. Crazy Yiuf hits you but does no damage.
You barely miss Crazy Yiuf.
Crazy Yiuf is heavily wounded.
You feel sick.
Crazy Yiuf hits you with a +3 quarterstaff of chaos.
* * * LOW HITPOINT WARNING * * *
Crazy Yiuf burns you.
* * * LOW HITPOINT WARNING * * *
You barely miss Crazy Yiuf.
Crazy Yiuf is heavily wounded.
You feel sick.
Crazy Yiuf hits you with a +3 quarterstaff of chaos!
* * * LOW HITPOINT WARNING * * *
Crazy Yiuf freezes you.
You die...

####...####.
##..>.####...
#..#### #..##
#### ###.## #...#
♣♣♣♣♣##..##
#####♣♣♣.♣..#.#.#
#...#♣..♣.PP...(#
#..♣'.♣♣♣♣P.....#
#).g#♣♣ ♣♣.#..##
##### ♣♣####


You could see Crazy Yiuf.

Vanquished Creatures
  A hound (D:4)
  An orc priest (D:3)
  Terence (D:3)
  Ijyb (D:3)
  Natasha (D:4)
  2 iguanas (D:4)
  An adder (D:2)
  A worm (D:2)
  4 orcs (D:3)
  2 bats
  An endoplasm (D:3)
  3 giant cockroaches
  2 goblins
  2 hobgoblins
  A quokka (D:4)
  3 ball pythons
  3 frilled lizards
  A rat (D:2)
31 creatures vanquished.

Notes
Turn   | Place    | Note
-------+----------+-------------------------------------------
     0 | D:1      | M4edhros the Octopode Transmuter began the quest for the
                  | Orb.
     0 | D:1      | Reached XP level 1. HP: 13/13 MP: 3/3
   105 | D:2      | Reached XP level 2. HP: 18/18 MP: 5/5
   229 | D:2      | Found Vagaagaip's Weapon Shoppe.
   387 | D:3      | Noticed Ijyb
   401 | D:3      | Killed Ijyb
   402 | D:3      | Reached XP level 3. HP: 13/24 MP: 6/6
   544 | D:3      | Reached skill level 4 in Unarmed Combat
   544 | D:3      | Reached XP level 4. HP: 3/29 MP: 7/7
   756 | D:3      | You fall into a shaft and drop 1 floor!
   884 | D:4      | Reached XP level 5. HP: 14/35 MP: 8/8
  1015 | D:4      | Noticed Natasha
  1024 | D:4      | Killed Natasha
  1241 | D:3      | Found a shadowy altar of Dithmenos.
  1267 | D:3      | Noticed Terence
  1277 | D:3      | Killed Terence
  1278 | D:3      | Reached skill level 5 in Unarmed Combat
  1278 | D:3      | Reached XP level 6. HP: 28/41 MP: 9/9
  1437 | D:3      | Found a runed translucent door.
  1438 | D:3      | Noticed Crazy Yiuf
  1543 | D:3      | HP: 2/61 [Crazy Yiuf/+3 quarterstaff of chaos (12)]
  1543 | D:3      | Slain by Crazy Yiuf

Illustrated notes

Levels and vault maps discovered:
D:1:      amcnicky_arrival_gap_in_the_tavern_cellar, layout_basic,
          hellmonk_ecumenical_altar_defaced_shrine, kennysheep_nondescript,
          minmay_misc_feat_cross
D:2:      layout_basic, basic_altar, serial_shops, shop
D:3:      cheibrodos_pilgrimage, layout_rooms, nicolae_dithmenos_the_darkroom,
          glass_columns_a, uniq_crazy_yiuf_cottage, uniq_terence, uniq_ijyb
D:4:      minmay_door_path, layout_basic, minmay_temple_entry_tees,
          grunt_ministairs_2, minmay_misc_feat_tower, uniq_eustachio,
          uniq_menkaure, uniq_natasha

Skill      XL: |  1  2  3  4  5 |
---------------+----------------+-----
Fighting       | 2 |  2.8
Unarmed Combat | 4 5 |  5.0
Dodging        | 3 |  3.3
Spellcasting   | |  2.0
Transmutations | |  2.0

Action                     |  1- 3 |  4- 6 || total
---------------------------+-------+-------++-------
  Melee: Unarmed           |    48 |    42 ||    90
         Constrict         |    11 |     8 ||    19
         Tentacles         |     7 |    10 ||    17
    Use: Potion            |     2 |     4 ||     6
   Stab: Sleeping          |     4 |     2 ||     6
 Armour: Skin              |    17 |     4 ||    21
  Dodge: Dodged            |    26 |    15 ||    41

Table legend: (Time is in decaauts)
 A = Elapsed time spent in this place.
 B = Non-inter-level travel time spent in this place.
 C = Inter-level travel time spent in this place.
 D = Time resting spent in this place.
 E = Time spent auto-exploring this place.
 F = Levels seen in this place.
 G = Mean time per level.
                   A        B        C        D        E       F      G
               +--------+--------+--------+--------+--------+-----+--------+
         Total |   1517 |   1446 |     71 |    202 |    915 |   4 |  379.2 |
       Dungeon |   1517 |   1446 |     71 |    202 |    915 |   4 |  379.2 |
               +--------+--------+--------+--------+--------+-----+--------+

Top non-repeatable levels by time:
     D:3: 814 daAuts
     D:4: 318 daAuts
     D:2: 292 daAuts
     D:1: 92 daAuts
